fucpiranha, neutral female scurrid Archeologist ............................................................................ ............................................................................ ...................................................................[........ ..............................!........................................S.... ....................}}}}}}}}}}}}}}}}}}}}}}}}}}}}}}}}}}}}}}}.............@... ............... -------------------------------------}................. .. |}....^............ |}................. |}................. |}.*............... +...!.............. |}.+%.............. |}.+!.............. |}................. |}................. -}................. }}}................. ........................ ............................ ............................... fucpiranha the Digger Experience level: 1 Strength: 12 Dexterity: 11 Constitution: 10 Intelligence: 14 Wisdom: 16 Charisma: 10 Health: 0(12) Energy: 2(2) Def: 2 Gold: 0 Moves: 74 Dungeon seed: Vkp9YeLb5KNFhpSu Game ID: fucpiranha_1498725505 Your Inventory: Weapons a - an uncursed +2 bullwhip h - an uncursed +0 boomerang (in quiver) Armor e - an uncursed +0 leather jacket (being worn) n - an uncursed +0 pair of leather gloves (being worn) Comestibles b - 4 uncursed chestnuts Wands d - an uncursed wand of light (0:11) Tools c - an uncursed pair of lenses f - an uncursed sack g - an uncursed tin opener (alternate weapon; not wielded) Gems q - an uncursed touchstone Spells and supernatural/magical abilities: Name Level Category Fail Memory W - pray for help -- divine ? -- Your skills at the end: Miscellaneous Skills wands [Basic] Weapon Skills boomerang [Basic] whip [Basic] Spellcasting Skills Final Attributes: You were devoutly aligned. You had infravision. You were very stealthy. You were fast. You are dead. Voluntary challenges: You went without food. You did not adorn yourself with jewelry or accessories. You did not cause conflict. You were not invisible. You did not have reflection. You were not displaced. You never hit with a wielded weapon. You were a pacifist. You did not use tools. You did not use plumbed fixtures. You did not drink any magical draughts. You were illiterate. You never genocided any monsters. You never polymorphed an object. You never changed form. You used no wishes. You never split a pudding. You never wrote Elbereth's name. You never violated your personal moral code. Dungeon overview: The Dungeons of Doom: levels 1 to 14 Level 1 a long staircase Level 2 Level 3 Level 4 Level 5 Level 6 Level 7 Level 8 Level 9 Level 10 Level 11 an altar to Huhetotl Level 12 a fountain Level 13 Level 14 portal to The Quest The Quest: Level 1 <- You were here portal to The Dungeons of Doom History has recorded: On T:1 you entered the Dungeons of Doom to retrieve the Amulet of Yendor! On T:6 you reached level 2 of The Dungeons of Doom. On T:8 you reached level 3 of The Dungeons of Doom. On T:10 you reached level 4 of The Dungeons of Doom. On T:12 you reached level 5 of The Dungeons of Doom. On T:14 you reached level 6 of The Dungeons of Doom. On T:16 you reached level 7 of The Dungeons of Doom. On T:17 you reached level 8 of The Dungeons of Doom. On T:19 you reached level 9 of The Dungeons of Doom. On T:21 you reached level 10 of The Dungeons of Doom. On T:23 you reached level 11 of The Dungeons of Doom. On T:25 you reached level 12 of The Dungeons of Doom. On T:28 you reached level 13 of The Dungeons of Doom. On T:37 you reached level 14 of The Dungeons of Doom. On T:54 you reached level 1 of The Quest. On T:73 you prayed to Camaxtli. Score breakdown: Gold: 0 ( 0 points) Experience: 1 level ( 0 points) Exploration: 14 levels ( 390 points) Discoveries: 0 items ( 0 points) Variety of kills: 0 monsters ( 0 points) Major goal: (nothing yet) ( 0 points) Survival: died (score multiplied by 3) Total score: 1170 Latest messages: You continue digging downward. You dig a pit in the ground. You continue digging downward. You dig a hole through the ground. You fall through... You receive a faint telepathic message from Lord Carnarvon: Your help is urgently needed at the College of Archeology! Look for a ...ic transporter. You couldn't quite make out that last message. You see here a pancake. The door opens. You activated a magic portal! You feel dizzy for a moment, but the sensation passes. You fall into a pit! You land on a set of sharp iron spikes! The spikes were poisoned! You hear the wailing of the Banshee... You begin praying to Camaxtli. The pit viper bites! You die... The sack is empty. The sack is empty. Final status: Goodbye fucpiranha the Archeologist, killed by a pit viper, while praying... You died in The Quest on dungeon level 1 with 1170 points, and 0 pieces of gold, after 74 moves. You were level 1 with a maximum of 12 hit points when you died.